 Dungeon Crawl Stone Soup version 0.26.1-2-gb8aa6d0cf2 (webtiles) character file.

Game seed: 8359639534576775637

207 FishyPogo the Ruffian (level 5, -1/41 HPs)
             Began as a Draconian Transmuter on Mar 1, 2021.
             Was a Believer of Makhleb.
             Killed by divine providence
             ... invoked by an orc priest
              (16 damage)
             ... on level 4 of the Dungeon.
             The game lasted 00:08:31 (3589 turns).

FishyPogo the Ruffian (Draconian Transmuter)        Turns: 3589, Time: 00:08:32

Health: -1/41      AC:  5    Str: 12    XL:     5   Next: 54%
Magic:  5/8        EV: 12    Int: 15    God:    Makhleb [**....]
Gold:   245        SH:  0    Dex: 11    Spells: 2/8 levels left

rFire    . . .     SeeInvis .     - Unarmed
rCold    . . .     Faith    .   (no shield)
rNeg     . . .     Spirit   .   (armour unavailable)
rPois    .         Reflect  .   (helmet currently unavailable)
rElec    .         Harm     .   (no cloak)
rCorr    .         Rampage  .   (no gloves)
Will     .....                  (boots currently unavailable)
Stlth    +.........             (no amulet)
HPRegen  0.13/turn              (no ring)
MPRegen  0.11/turn              (no ring)

@: appendages, wereblooded
A: unfitting armour, horns 2, talons 2, cold-blooded, AC +5
a: End Transformation, Renounce Religion, Minor Destruction


You were on level 4 of the Dungeon.
You worshipped Makhleb.
Makhleb was pleased with you.
You had grown temporary horns.
You had grown temporary talons.
You visited 1 branch of the dungeon, and saw 4 of its levels.

You collected 245 gold pieces.

Inventory:

Missiles
 a - 155 stones (quivered)
Wands
 p - a wand of flame (25)
Scrolls
 b - 4 scrolls of teleportation
 g - 2 scrolls of remove curse
Potions
 d - a potion of mutation {unknown}
 e - a potion of attraction {unknown}
 h - a potion of curing {unknown}
 i - a potion of haste {unknown}
 k - a potion of berserk rage
 l - a potion of cancellation {unknown}
 n - 2 potions of resistance
 o - a potion of flight


   Skills:
 + Level 2.0 Fighting
 - Level 1.7 Dodging
 * Level 4.9 Unarmed Combat
 - Level 2.0 Spellcasting
 * Level 3.7 Transmutations
 + Level 1.4 Invocations


You had 2 spell levels left.
You knew the following spells:

 Your Spells              Type           Power        Failure   Level
l - Spider Form           Tmut/Pois      3%           30%         3
u - Wereblood             Tmut           12%          8%          2
y - Beastly Appendage     Tmut           24%          4%          1

Your spell library contained the following spells:

 Spells                   Type           Power        Failure   Level
 Ice Form                 Ice/Tmut       7%           71%         4
 Blade Hands              Tmut           6%           80%         5


Dungeon Overview and Level Annotations

Branches:
Dungeon (4/15)
 Temple: D:4-7

Altars:
Makhleb
Okawaru
Uskayaw
The Shining One


Innate Abilities, Weirdness & Mutations

Your plain brown scales are hard. (AC +5)
You cannot fit into any form of body armour.
You are cold-blooded and may be slowed by cold attacks.
You have a pair of horns on your head.
You have razor-sharp toenails.


Message History

The orc closely misses you.
The orc priest looks satisfied for a moment.
The orc hits you with a +0 mace.
You hit the orc.
The orc is severely wounded.
The orc priest looks braver for a moment.
The orc misses you.
You hit the orc. You claw the orc, but do no damage. You tail-slap the orc.
You kill the orc!
Makhleb accepts your kill.
You feel better. The orc hits you with a +0 club.
You hit the orc. You claw the orc, but do no damage. You headbutt the orc.
You kill the orc!
Makhleb accepts your kill.
You feel better. The hound bites you but does no damage.
The orc priest barely misses you.
Your Fighting skill increases to level 2!
The orc priest calls down the wrath of Beogh upon you.
Beogh smites you!
You die...

############
##...........
#.##...#.#
#.....oh@#
####..)###
#......
....$.O
.......
##.#..?
#......
.......


You could see a hound and an orc priest.

Vanquished Creatures
  An ogre (D:4)
  An adder (D:3)
  3 oozes
  3 worms
  4 dart slugs
  4 leopard geckos
  4 orcs
  7 bats
  14 giant cockroaches
  8 goblins
  8 hobgoblins
  A quokka (D:3)
  7 frilled lizards
  5 kobolds
  6 rats
76 creatures vanquished.

Notes
Turn   | Place    | Note
-------+----------+-------------------------------------------
     0 | D:1      | FishyPogo the Draconian Transmuter began the quest for the
                  | Orb.
     0 | D:1      | Reached XP level 1. HP: 16/16 MP: 3/3
   260 | D:1      | Reached XP level 2. HP: 23/23 MP: 1/5
   263 | D:1      | Learned a level 2 spell: Wereblood
  1270 | D:2      | Reached XP level 3. HP: 25/28 MP: 6/6
  1274 | D:2      | Learned a level 3 spell: Spider Form
  1448 | D:2      | Found a glowing golden altar of the Shining One.
  1454 | D:2      | Reached skill level 4 in Unarmed Combat
  1686 | D:2      | Found a faded altar of an unknown god.
  1697 | D:2      | Became a worshipper of Makhleb the Destroyer
  1697 | D:2      | Reached * piety under Makhleb
  2046 | D:2      | Found an iron altar of Okawaru.
  2120 | D:2      | Reached XP level 4. HP: 35/35 MP: 4/7
  2530 | D:3      | Found a hide-covered altar of Uskayaw.
  2561 | D:3      | Reached ** piety under Makhleb
  3576 | D:4      | Noticed an ogre
  3583 | D:4      | Killed an ogre
  3584 | D:4      | Reached skill level 1 in Invocations
  3584 | D:4      | Reached XP level 5. HP: 24/41 MP: 4/8
  3584 | D:4      | Noticed an ogre
  3589 | D:4      | Killed from afar by an orc priest

Illustrated notes

Levels and vault maps discovered:
D:1:      dpeg_arrival_short_road, layout_basic, minmay_misc_feat_more_columns,
          chequers_serial_rivers_micro_c
D:2:      minmay_roachtagon, layout_loops_ring, tso_altar,
          kennysheep_okawaru_gauntlet, chequers_ecumenical_altar_lobes
D:3:      layout_loops_corners, eat_drink_and_be_merry_uskayaw
D:4:      layout_loops_ring, enter_ossuary_4, skrybe_limestone_x,
          kennysheep_generic_room_4, uniq_grinder, uniq_pikel

Skill      XL: |  1  2  3  4  5 |
---------------+----------------+-----
Unarmed Combat | 4 |  4.9
Transmutations | 3 |  3.7
Invocations    | 1 |  1.4
Fighting       | 2 |  2.0
Dodging        | |  1.7
Spellcasting   | |  2.0

Action                   |  1- 3 |  4- 6 || total
-------------------------+-------+-------++-------
Melee: Unarmed           |   104 |    73 ||   177
       Headbutt          |    12 |    11 ||    23
       Tailslap          |     8 |     7 ||    15
       Kick              |    11 |    17 ||    28
       Punch             |       |     1 ||     1
Throw: Stone             |    24 |       ||    24
 Cast: Beastly Appendage |    34 |    24 ||    58
       Wereblood         |     2 |     3 ||     5
Invok: Minor Destruction |       |     5 ||     5
  Use: Scroll            |       |     9 ||     9
Armor: Skin              |    22 |    14 ||    36
Dodge: Dodged            |    67 |    40 ||   107
